 Dungeon Crawl Stone Soup version 0.31-a0-151-ge443d1f16c (webtiles) character file.

Game seed: 18132907698811368843

601 qw the Skirmisher (level 7, 0/61 HPs)
             Began as a Minotaur Hunter on June 8, 2023.
             Was an Initiate of Okawaru.
             Slain by an orc wizard
             ... wielding a +0 dagger
              (1 damage)
             ... on level 5 of the Dungeon.
             The game lasted 00:01:25 (3574 turns).

qw the Skirmisher (Minotaur Hunter)                 Turns: 3574, Time: 00:01:25

Health: 0/61       AC:  5    Str: 22    XL:     7   Next: 18%
Magic:  6/6        EV: 12    Int:  6    God:    Okawaru [......]
Gold:   216        SH:  5    Dex: 15    Spells: 6/6 levels left

rFire   . . .        Y - +3 shortbow
rCold   . . .        (shield currently unavailable)
rNeg    . . .        b - +0 ring mail
rPois   .            (helmet restricted)
rElec   .            (no cloak)
rCorr   .            (no gloves)
SInv    .            (no boots)
Will    .....        c - amulet of reflection
Stlth   +            a - +6 ring of strength
HPRegen 0.30/turn    (no ring)
MPRegen 0.10/turn

%: reflection
@: no status effects
A: horns 2, retaliatory headbutt
a: Renounce Religion


You were on level 5 of the Dungeon.
You worshipped Okawaru.
Okawaru was noncommittal.
You visited 2 branches of the dungeon, and saw 6 of its levels.

You collected 216 gold pieces.


Innate Abilities, Weirdness & Mutations

You have a pair of horns on your head.
You reflexively headbutt those who attack you in melee.


   Skills:
 - Level 5.5 Fighting
 + Level 8.0 Ranged Weapons
 - Level 1.0 Armour
 - Level 3.1 Dodging
 - Level 0.7 Stealth


You had 6 spell levels left.
You didn't know any spells.
Your spell library was empty.

Inventory:

Hand Weapons
 Y - a +3 shortbow (weapon)
Armour
 b - a +0 ring mail (worn)
Jewellery
 a - a +6 ring of strength (left hand)
 c - an amulet of reflection (around neck)
 d - a ring of ice
Scrolls
 f - a scroll of identify
 i - a scroll of enchant armour
Potions
 g - 2 potions of curing
 h - a potion of brilliance {unknown}
 l - a potion of haste

Dungeon Overview and Level Annotations

Branches:
Dungeon (5/15)             Temple (1/1) D:4

Altars:
Ashenzari
Cheibriados
Elyvilon
Fedhas
Gozag
Hepliaklqana
Kikubaaqudgha
Makhleb
Nemelex Xobeh
Okawaru
Qazlal
Ru
Trog
Uskayaw
Vehumet
Wu Jian
Xom
Yredelemnul
The Shining One

Shops:
D:3 :=(

Annotations:
D:5 Eustachio


Message History

The ogre barely misses you.
Eustachio casts a spell.
Eustachio blinks!
The orc hits you with a +0 dagger.
You shoot an arrow. The arrow barely misses the ogre.
The ogre closely misses you. The orc hits you with a +0 dagger.
3567 ||| DRINKING potion of heal wounds.
You feel much better. The orc hits you but does no damage.
The orc wizard casts a spell.
The orc wizard flickers and vanishes!
Deactivating autopickup; reactivate with Ctrl-A.
You shoot an arrow. The arrow hits the ogre.
The ogre is heavily wounded.
The ogre hits you with a +0 giant spiked club!
The orc barely misses you. x2; You furiously retaliate!
You headbutt the orc! You shoot an arrow. The arrow barely misses the orc.
The ogre barely misses you. The orc barely misses you. You furiously retaliate!
You headbutt the orc. The orc closely misses you.
You shoot an arrow. The arrow hits the orc.
You kill the orc!
Okawaru accepts your kill. The orc closely misses you.
The ogre closely misses you.
You shoot an arrow.
The arrow hits the orc but does no damage.
The orc is severely wounded.
The orc hits you but does no damage. Something hits you but does no damage.
You shoot an arrow. The arrow closely misses the ogre.
You block Eustachio's attack. The ogre barely misses you.
The orc hits you with a +0 dagger. You block something's attack.
You shoot an arrow. The arrow hits the ogre.
The ogre is heavily wounded.
Eustachio hits you with a +2 falchion of flaming!
Eustachio burns you. You block the orc's attack.
You hear some strange, mumbled words.
A puff of flame appears from out of thin air!
The puff of flame hits you. The ogre misses you.
You shoot an arrow. The arrow barely misses the ogre.
Eustachio mumbles some strange words.
Eustachio blinks!
The orc barely misses you. Something hits you.
You die...

.........##
....?...!..#
...........#
...........
..@......
<..... #.#.#
####{O¤#####
#...o@.....#
#..........#
#......%...#
#..........#
#..........#
#.........<#
#..........#
#..........#
#..........#


You could see Eustachio, an ogre and an orc.

Vanquished Creatures
  An ogre (D:4)
  A phantom (D:4)
  Blork the orc (D:5)
  A hound (D:4)
  Jessica (D:2)
  Ijyb (D:3)
  Terence (D:2)
  An iguana (D:4)
  An orc wizard (D:4)
  Natasha (D:3)
  Robin (D:3)
  9 adders
  2 worms
  4 dart slugs
  13 orcs
  10 ball pythons
  3 endoplasms
  4 giant cockroaches
  12 goblins
  7 hobgoblins
  2 bats
  3 frilled lizards
  5 kobolds
  4 rats
89 creatures vanquished.

Notes
Turn   | Place    | Note
-------+----------+-------------------------------------------
     0 | D:1      | qw the Minotaur Hunter began the quest for the Orb.
     0 | D:1      | Reached XP level 1. HP: 18/18 MP: 0/0
     0 | D:1      | 0 ||| qw: Version: 0.2-a-120-gdf1a93b
     0 | D:1      | 0 ||| qw: Game counter: 3083
     0 | D:1      | 0 ||| qw: Always use a shield: true
     0 | D:1      | 0 ||| qw: God list: Okawaru
     0 | D:1      | 0 ||| qw: Allow faded altars: false
     0 | D:1      | 0 ||| qw: Do Orc after D:15 true
     0 | D:1      | 0 ||| qw: Do second Lair branch before Depths: true
     0 | D:1      | 0 ||| qw: Lair rune preference: random
     0 | D:1      | 0 ||| qw: Plans: Normal
     0 | D:1      | 0 ||| PLANNING D:1-11
   190 | D:1      | Reached XP level 2. HP: 16/25 MP: 1/1
   258 | D:1      | Reached skill level 5 in Ranged Weapons
   610 | D:1      | Reached skill level 3 in Fighting
   717 | D:1      | 717 ||| READING 2 scrolls labelled TUUCZA MICUPN.
   718 | D:1      | 718 ||| READING 3 scrolls labelled JUBIRE TEOSS.
   719 | D:1      | 719 ||| READING 2 scrolls labelled YFITATTACUP.
   720 | D:1      | 720 ||| READING scroll of enchant weapon.
   720 | D:1      | 720 ||| ENCHANTING +1 shortbow.
   721 | D:1      | 721 ||| READING 2 scrolls of identify.
   721 | D:1      | 721 ||| IDENTIFYING bubbling ruby potion
   722 | D:1      | 722 ||| DROPPING scroll of magic mapping.
   723 | D:1      | 723 ||| DROPPING scroll of butterflies.
   843 | D:2      | Noticed Terence
   858 | D:2      | Killed Terence
   859 | D:2      | Reached XP level 3. HP: 19/31 MP: 2/2
   909 | D:2      | Noticed Jessica
   914 | D:2      | Killed Jessica
   915 | D:2      | Reached skill level 6 in Ranged Weapons
   915 | D:2      | Reached XP level 4. HP: 38/38 MP: 3/3
  1142 | D:2      | 1142 ||| READING scroll of enchant weapon.
  1142 | D:2      | 1142 ||| ENCHANTING +2 shortbow.
  1146 | D:2      | Identified the +2 dagger "Atyrgh" {drain, rC+}
  1221 | D:2      | 1221 ||| UPGRADING to +0 ring mail.
  1231 | D:2      | 1231 ||| DROPPING +0 leather armour.
  1232 | D:2      | 1232 ||| UPGRADING to +6 ring of strength.
  1233 | D:2      | 1233 ||| READING scroll labelled ACUERU OTTICH.
  1234 | D:2      | 1234 ||| READING scroll labelled OCUTUNKUXA.
  1235 | D:2      | 1235 ||| READING scroll labelled RASKUI OKOSHRET.
  1239 | D:2      | 1239 ||| DRINKING 2 viscous inky potions.
  1240 | D:2      | 1240 ||| DROPPING potion of enlightenment.
  1275 | D:3      | Noticed Robin
  1278 | D:3      | 1278 ||| STAIRDANCE
  1283 | D:2      | Reached skill level 1 in Armour
  1368 | D:3      | 1368 ||| STAIRDANCE
  1396 | D:3      | Killed Robin
  1522 | D:3      | Found a broken altar of Ashenzari.
  1523 | D:3      | Found Xiddamic's Weapon Emporium.
  1538 | D:3      | Noticed Ijyb
  1544 | D:3      | Killed Ijyb
  1545 | D:3      | Reached XP level 5. HP: 26/46 MP: 4/4
  1656 | D:3      | Noticed Natasha
  1665 | D:3      | Killed Natasha
  1783 | D:3      | Found Cetuusoz's Book Shop.
  1804 | D:3      | Found Fyinton's Jewellery Boutique.
  2084 | D:3      | 2084 ||| SHOPLISTING amulet "Aheppe" {RegenMP Regen+ Str+3
                  | Int-2} (547 gold, have 177).
  2084 | D:3      | 2084 ||| SHOPLISTING amulet of faith (560 gold, have 177).
  2084 | D:3      | 2084 ||| SHOPLISTING ring of ice (350 gold, have 177).
  2084 | D:3      | 2084 ||| SHOPLISTING ring of willpower (350 gold, have
                  | 177).
  2091 | D:3      | 2091 ||| UPGRADING to amulet of reflection.
  2096 | D:3      | 2096 ||| DROPPING amulet of the acrobat.
  2097 | D:3      | 2097 ||| READING scroll labelled KIXIASS JYJA.
  2098 | D:3      | 2098 ||| READING 5 scrolls of identify.
  2098 | D:3      | 2098 ||| IDENTIFYING glowing black potion
  2099 | D:3      | 2099 ||| READING 4 scrolls of identify.
  2099 | D:3      | 2099 ||| IDENTIFYING grey potion
  2100 | D:3      | 2100 ||| READING 3 scrolls of identify.
  2100 | D:3      | 2100 ||| IDENTIFYING metallic golden potion
  2101 | D:3      | 2101 ||| DROPPING potion of attraction.
  2102 | D:3      | 2102 ||| DROPPING potion of degeneration.
  2177 | D:4      | Reached skill level 7 in Ranged Weapons
  2384 | D:4      | Noticed a phantom
  2396 | D:4      | Reached XP level 6. HP: 42/52 MP: 5/5
  2460 | D:4      | Reached skill level 8 in Ranged Weapons
  2794 | D:4      | Found a snail-covered altar of Cheibriados.
  2794 | D:4      | Found an ornate altar of the Wu Jian Council.
  2983 | D:4      | Found a staircase to the Ecumenical Temple.
  2984 | D:4      | 2984 ||| PLANNING TEMPLE
  2984 | D:4      | 2984 ||| READING scroll labelled KEMOIZIKIO.
  2985 | D:4      | 2985 ||| READING 2 scrolls of identify.
  2985 | D:4      | 2985 ||| IDENTIFYING sedimented red potion
  2995 | Temple   | Entered the Ecumenical Temple
  3068 | Temple   | 3068 ||| PLANNING OKAWARU WORSHIP
  3293 | Temple   | Became a worshipper of Warmaster Okawaru
  3293 | Temple   | 3293 ||| PLANNING D:1-11
  3422 | D:4      | Reached XP level 7. HP: 61/61 MP: 6/6
  3538 | D:5      | Entered Level 5 of the Dungeon
  3546 | D:5      | Noticed Blork the orc
  3548 | D:5      | 3548 ||| FLEEEEING.
  3560 | D:5      | Noticed Eustachio
  3562 | D:5      | Killed Blork the orc
  3563 | D:5      | Reached skill level 3 in Dodging
  3566 | D:5      | HP: 13/61 [orc/+0 dagger (3)]
  3567 | D:5      | 3567 ||| DRINKING potion of heal wounds.
  3573 | D:5      | HP: 9/61 [Eustachio/+2 falchion of flaming (10)]
  3573 | D:5      | HP: 1/61 [something/puff of flame (4)]
  3574 | D:5      | Slain by an orc wizard

Levels and vault maps discovered:
D:1:      sevenhm_arrival_forest_fort_small_4, layout_basic,
          hangedman_decor_push, minivault_26, nrook_campfire
D:2:      layout_rooms, uniq_terence, uniq_jessica
D:3:      layout_loops_ring, cheibrodos_ashenzari_chains, serial_shops,
          nicolae_shop_tiny_waterfront, nicolae_square_shop, shop,
          kennysheep_nub, minmay_misc_feat_four_crosses,
          kennysheep_generic_room_11, uniq_robin, uniq_ijyb, uniq_natasha
D:4:      layout_gridville, nicolae_overflow_two_pavilions,
          minmay_temple_entry_poolview, minmay_misc_feat_secret_circle
D:5:      layout_rooms, uniq_eustachio, uniq_sigmund, uniq_grinder,
          uniq_blork_the_orc, uniq_duvessa
Temple:   minmay_temple_bridge_d

Skill      XL: |  1  2  3  4  5  6  7 |
---------------+----------------------+-----
Ranged Weapons | 5 6 7 8 |  8.0
Fighting       | 3 4 5 |  5.5
Armour         | 1 |  1.0
Dodging        | 3 |  3.1
Stealth        | |  0.7

Action                     |  1- 3 |  4- 6 |  7- 9 || total
---------------------------+-------+-------+-------++-------
   Fire: Shortbow          |    77 |   187 |    26 ||   290
    Use: Scroll            |     5 |    10 |       ||    15
         Potion            |       |     1 |     1 ||     2
 Armour: Leather armour    |     2 |       |       ||     2
         Ring mail         |       |    16 |     5 ||    21
  Dodge: Dodged            |    12 |    39 |    20 ||    71
  Block: Other             |       |    12 |     6 ||    18

Table legend:
 A = Non-vault XP
 B = Vault XP
 C = Vault XP percentage of total XP
 D = Non-vault monster count
 E = Vault monster count
 F = Vault count percentage of total count
                 A         B        C        D         E       F
            +---------+---------+-------+---------+---------+-------
      Total |     567 |     292 |  34.0 |      71 |      18 |  20.2
            +---------+---------+-------+---------+---------+-------
        D:1 |      28 |       0 |   0.0 |      18 |       0 |   0.0
        D:2 |      32 |      81 |  71.7 |      11 |       7 |  38.9
        D:3 |      45 |     112 |  71.3 |       9 |      10 |  52.6
        D:4 |     452 |       0 |   0.0 |      30 |       0 |   0.0
        D:5 |      10 |      99 |  90.8 |       3 |       1 |  25.0
            +---------+---------+-------+---------+---------+-------
